 Dungeon Crawl Stone Soup version 0.28.0-43-g3370ac3207 (webtiles) character file.

Game seed: 3941122182442301723

17546 theElss the Fighter (level 12, -5/120 HPs)
             Began as a Gargoyle Berserker on Mar 6, 2022.
             Was an Elder of Trog.
             Slain by a minotaur
             ... wielding a staff of death
              (13 damage)
             ... in a Gauntlet.
             The game lasted 00:31:42 (14602 turns).

theElss the Fighter (Gargoyle Berserker)           Turns: 14602, Time: 00:31:42

Health: -5/120     AC: 29    Str: 22    XL:     12   Next: 49%
Magic:  3/3        EV: 17    Int: 10    God:    Trog [****..]
Gold:   853        SH:  0    Dex: 11    Spells: 11/11 levels left

rFire   . . .      SeeInvis .   a - +4 flail (holy)
rCold   . . .      Faith    +   (no shield)
rNeg    + . .      Spirit   .   A - +0 plate armour
rPois   ∞          Reflect  .   s - +0 helmet of Howling Wind {Will+ rCorr MP-9}
rElec   +          Harm     .   I - +1 cloak of Starlight {*Dazzle EV+4 Stlth--}
rCorr   +          Rampage  .   (no gloves)
Will    +....      NoTele   +   b - +0 pair of boots
Stlth   ..........              B - amulet of faith
HPRegen 0.30/turn               e - +4 ring of evasion
MPRegen 0.08/turn               o - +4 ring of slaying

@: berserking, very quick
A: sickness immunity, AC +8, negative energy resistance 1, electricity
resistance, torment resistance 1, petrification resistance
a: Renounce Religion, Berserk, Trog's Hand, Brothers in Arms


You were in a Gauntlet.
You worshipped Trog.
Trog was greatly pleased with you.
You visited 2 branches of the dungeon, and saw 13 of its levels.
You also visited: Ossuary and Gauntlet.

You collected 853 gold pieces.

Inventory:

Hand Weapons
 a - a +4 flail of holy wrath (weapon)
 y - a +2 whip of freezing
Armour
 b - a +0 pair of boots (worn)
 c - +0 ice dragon scales
 g - a scarf of repulsion
 s - the +0 helmet of Howling Wind (worn) {Will+ rCorr MP-9}
   (You found it on level 4 of the Dungeon)

   MP:        It affects your magic capacity (-9).
   rCorr:     It protects you from acid and corrosion.
   Will:      It increases your willpower.
 A - a +0 plate armour (worn)
 I - the +1 cloak of Starlight (worn) {*Dazzle EV+4 Stlth--}
   (You found it in a Gauntlet)

   It may blind those who miss an attack against the wearer in melee combat.
   EV:        It affects your evasion (+4).
   Stlth:     It makes you much less stealthy.
Jewellery
 e - a +4 ring of evasion (left hand)
 l - an amulet of reflection
 o - a +4 ring of slaying (right hand)
 B - an amulet of faith (around neck)
 E - a ring of ice
 J - an amulet of guardian spirit
Wands
 k - a wand of paralysis (5)
 t - a wand of polymorph (20)
 x - a wand of flame (51)
Scrolls
 j - 7 scrolls of teleportation
 m - 2 scrolls of summoning {unknown}
 u - 2 scrolls of fog {unknown}
 v - a scroll of brand weapon {unknown}
 F - a scroll of magic mapping {unknown}
 G - a scroll of fear {unknown}
Potions
 d - 3 potions of heal wounds
 f - 2 potions of haste
 h - a potion of invisibility
 i - a potion of lignification
 n - a potion of magic {unknown}
 p - 3 potions of resistance {unknown}
 q - 2 potions of brilliance {unknown}
 r - 4 potions of degeneration {unknown}
 w - 2 potions of might {unknown}
 z - a potion of flight {unknown}
 C - 5 potions of ambrosia
 D - a potion of curing
 H - 4 potions of mutation {unknown}
 K - a potion of experience {unknown}


   Skills:
 + Level 11.6 Fighting
 + Level 10.7 Maces & Flails
 + Level 11.3 Armour
 + Level 8.7 Dodging


You had 11 spell levels left.
You didn't know any spells.
Your spell library was empty.

Dungeon Overview and Level Annotations

Branches:
Dungeon (10/15)            Temple (0/1) D:4            Lair (3/6) D:8
    Orc (0/2) D:10        Ossuary (visited)         Gauntlet (1/1)
  Swamp: Lair:2-4    Shoals: Lair:2-4     Snake: Lair:2-4    Spider: Lair:2-4

Altars:
Ashenzari
Fedhas
Gozag
Hepliaklqana
Kikubaaqudgha
Makhleb
Ru
Trog
Uskayaw
Vehumet
Yredelemnul
Zin

Shops:
D:6 (

Annotations:
D:6 1 runed translucent door, Jazqba's ghost, novice TrCK
D:10 2 runed translucent doors, Ferkelamun's ghost, journeyman DrBe Gauntlet 8 transporters, exclusion: lightning spire


Innate Abilities, Weirdness & Mutations

You are immune to sickness and miasma.
Your stone body is resilient. (AC +8)
You are immune to poison.
You resist negative energy. (rN+)
You are resistant to electric shocks. (rElec)
You are resistant to unholy torment.
You are immune to petrification.


Message History

The minotaur throws a javelin.
The javelin pierces through you!
The minotaur throws a javelin.
The javelin pierces through you!!
A red film seems to cover your vision as you go berserk!
You feel yourself moving faster!
You feel mighty!
The minotaur hits you with a staff of death!
You writhe in agony.
The minotaur closely misses you.
You thump the minotaur!
The minotaur is lightly wounded.
The minotaur hits you with a staff of death!
You writhe in agony.
The minotaur gores you but does no damage.
You sock the minotaur!
The minotaur is moderately wounded.
You hit the minotaur.
The minotaur is moderately wounded.
The minotaur barely misses you. The minotaur gores you.
* * * LOW HITPOINT WARNING * * *
You bludgeon the minotaur!!
The minotaur is heavily wounded.
The minotaur hits you with a staff of death!
* * * LOW HITPOINT WARNING * * *
You writhe in agony.
* * * LOW HITPOINT WARNING * * *
The minotaur gores you but does no damage.
You hit the minotaur.
The minotaur is severely wounded.
You completely miss the minotaur.
The minotaur is severely wounded.
The minotaur hits you with a staff of death!
* * * LOW HITPOINT WARNING * * *
You writhe in agony.
* * * LOW HITPOINT WARNING * * *
The minotaur completely misses you.
You hit the minotaur but do no damage.
The minotaur is severely wounded.
Unknown command.
You bludgeon the minotaur!!
The minotaur is almost dead.
The minotaur completely misses you. The minotaur gores you!
You die...

#.# #.# #.#
.#.# #.#
#.#.# #.#
..#.# #.##
.##.# #..#
####.#..#
##.# ....#.##
#.######.##.#
#.......H@..#
#############


You could see a minotaur.

Vanquished Creatures
  A war gargoyle (D:10)
  Fannar (D:10)
  A hydra (Lair:1)
  A tengu warrior (D:9)
  Pikel (D:6)
  An orc knight (D:10)
  A black mamba (Lair:2)
  4 cane toads
  Psyche (D:8)
  3 komodo dragons
  A rime drake (Lair:2)
  A wolf spider simulacrum (Gauntlet)
  A polar bear (Lair:1)
  A queen bee (Lair:1)
  A centaur simulacrum (Gauntlet)
  Grum (D:8)
  Eustachio (D:6)
  A wraith (D:9)
  24 yaks
  A basilisk (Lair:1)
  A steam dragon (D:9)
  5 vampire mosquitoes
  Edmund (D:5)
  2 harpy simulacra (Gauntlet)
  4 water moccasins
  A hydra simulacrum (Gauntlet)
  2 necrophages
  2 sky beasts
  An ice beast (D:5)
  A black bear (D:6)
  An ogre (D:4)
  3 orc warriors
  4 wolves (D:8)
  5 centaurs
  A lemure (D:5)
  A kobold brigand (D:9)
  4 bullfrogs
  A wyvern zombie (D:8)
  2 scorpions (D:5)
  A gnoll sergeant (D:5)
  2 water moccasin skeletons (D:6)
  2 hornet simulacra (Gauntlet)
  23 killer bees
  3 wights (D:8)
  2 howler monkeys (D:10)
  6 centaur zombies
  A bullfrog zombie (D:5)
  3 centaur skeletons (D:7)
  5 orc priests
  3 hounds (D:5)
  Ijyb (D:3)
  Jessica (D:2)
  An iguana (D:5)
  Natasha (thrice) (D:2)
  7 orc wizards
  5 mummies (Ossuary)
  A hound zombie (D:5)
  A hound skeleton (D:4)
  5 gnolls (D:5)
  2 river rats (D:3)
  5 adders
  A howler monkey skeleton (D:6)
  2 ufetubi
  An adder skeleton (D:4)
  2 worms
  2 dart slugs (D:1)
  31 orcs
  11 ball pythons
  2 bats
  5 endoplasms
  2 giant cockroaches
  4 hobgoblins
  4 jackals (D:2)
  3 quokkas
  4 frilled lizards
  3 goblins
  2 hobgoblin zombies (Ossuary)
  8 kobolds
  3 rats (D:2)
263 creatures vanquished.

Vanquished Creatures (others)
  12 fungi
  15 plants
27 creatures vanquished.

Grand Total: 290 creatures vanquished

Notes
Turn   | Place    | Note
-------+----------+-------------------------------------------
     0 | D:1      | theElss the Gargoyle Berserker began the quest for the Orb.
     0 | D:1      | Reached XP level 1. HP: 14/14 MP: 1/1
   247 | D:1      | Reached XP level 2. HP: 14/19 MP: 2/2
   613 | D:1      | Found a faded altar of an unknown god.
   969 | D:2      | Reached XP level 3. HP: 23/23 MP: 3/3
   991 | D:2      | Noticed Jessica
   994 | D:2      | Killed Jessica
  1144 | D:2      | Reached XP level 4. HP: 26/29 MP: 4/4
  1286 | D:2      | Noticed Natasha
  1298 | D:2      | Killed Natasha
  1352 | D:2      | Noticed Natasha
  1363 | D:2      | Killed Natasha
  1364 | D:2      | Reached XP level 5. HP: 33/33 MP: 5/5
  1476 | D:2      | Noticed Natasha
  1484 | D:2      | Killed Natasha
  2050 | D:3      | Noticed a sky beast
  2052 | D:3      | You fall into a shaft and drop 1 floor!
  2064 | D:4      | Found a staircase to the Ecumenical Temple.
  2065 | D:4      | Noticed a necrophage
  2081 | D:4      | Killed a necrophage
  2082 | D:4      | Reached XP level 6. HP: 39/39 MP: 6/6
  2137 | D:4      | Found a sand-covered staircase.
  2149 | Ossuary  | Entered an ossuary
  2193 | Ossuary  | HP: 1/60 [mummy (5)]
  2197 | Ossuary  | Reached ** piety under Trog
  2203 | Ossuary  | Reached skill level 5 in Fighting
  2638 | D:4      | Found a hide-covered altar of Uskayaw.
  2653 | D:4      | Reached XP level 7. HP: 44/44 MP: 7/7
  2680 | D:4      | Identified the +0 helmet of Howling Wind {Will+ rCorr MP-9}
  2835 | D:4      | Found a blossoming altar of Fedhas.
  3510 | D:3      | Reached skill level 5 in Maces & Flails
  3717 | D:3      | Noticed Ijyb
  3726 | D:3      | Killed Ijyb
  3913 | D:3      | Reached skill level 5 in Armour
  4663 | D:5      | Entered Level 5 of the Dungeon
  4730 | D:5      | Reached XP level 8. HP: 49/51 MP: 0/8
  4808 | D:5      | Found a burning altar of Makhleb.
  4857 | D:5      | Noticed Edmund
  4878 | D:5      | Killed Edmund
  4937 | D:5      | Found a radiant altar of Vehumet.
  5058 | D:5      | Found a basalt altar of Yredelemnul.
  5244 | D:5      | Reached *** piety under Trog
  5946 | D:6      | Reached XP level 9. HP: 52/56 MP: 0/9
  6090 | D:6      | Noticed Pikel
  6128 | D:6      | Noticed Eustachio
  6130 | D:6      | Killed Pikel
  6131 | D:6      | Reached skill level 5 in Dodging
  6181 | D:6      | Killed Eustachio
  6255 | D:6      | Found an ancient bone altar of Kikubaaqudgha.
  6360 | D:6      | Found a glowing silver altar of Zin.
  6415 | D:6      | Noticed Jazqba's ghost (novice TrCK)
  6416 | D:6      | Found a runed translucent door.
  6431 | D:6      | Found Norett's Antique Weapon Shop.
  6737 | D:7      | Found an opulent altar of Gozag.
  7550 | D:7      | Found a sacrificial altar of Ru.
  7979 | D:8      | Reached XP level 10. HP: 64/64 MP: 1/10
  8236 | D:8      | Found a bloodstained altar of Trog.
  8257 | D:8      | Found a hazy altar of Hepliaklqana.
  8401 | D:8      | Found a staircase to the Lair.
  8774 | D:8      | Noticed Grum
  8793 | D:8      | Killed Grum
  9269 | D:9      | Reached **** piety under Trog
  9401 | D:9      | Noticed Psyche
  9483 | D:8      | Killed Psyche
  9779 | D:9      | Noticed a tengu warrior
  9790 | D:9      | Killed a tengu warrior
 10043 | D:10     | Entered Level 10 of the Dungeon
 10109 | D:10     | Noticed a war gargoyle
 10289 | D:10     | Killed a war gargoyle
 10290 | D:10     | Reached XP level 11. HP: 61/72 MP: 2/11
 10443 | D:10     | Noticed an orc knight
 10783 | D:10     | Found a staircase to the Orcish Mines.
 10973 | D:10     | Found a large runed translucent door.
 10973 | D:10     | Found a large runed translucent door.
 10976 | D:10     | Noticed Ferkelamun's ghost (journeyman DrBe)
 10987 | D:10     | Noticed Fannar
 11006 | D:10     | Killed Fannar
 11007 | D:10     | Reached skill level 10 in Fighting
 11069 | D:10     | Found a broken altar of Ashenzari.
 11185 | D:10     | Killed an orc knight
 11445 | D:10     | Reached skill level 10 in Armour
 11751 | Lair:1   | Entered Level 1 of the Lair of Beasts
 12302 | Lair:1   | Reached skill level 10 in Maces & Flails
 12568 | Lair:1   | Noticed a five-headed hydra
 12579 | Lair:1   | Reached XP level 12. HP: 74/80 MP: 3/12
 12583 | Lair:1   | Killed a five-headed hydra
 13526 | Lair:2   | Noticed a death yak
 13527 | Lair:2   | Noticed a death yak
 13531 | Lair:2   | Noticed a death yak
 13720 | Lair:2   | Found a gate leading to a gauntlet.
 13731 | Gauntlet | Entered a Gauntlet
 13731 | Gauntlet | Found a transporter.
 13830 | Gauntlet | Found a transporter.
 13846 | Gauntlet | Found a transporter.
 13846 | Gauntlet | Found the +1 cloak of Starlight {*Dazzle EV+4 Stlth--}
 13850 | Gauntlet | Found a transporter.
 13860 | Gauntlet | Found a transporter.
 13880 | Gauntlet | Found a transporter.
 13882 | Gauntlet | Noticed a reaper
 13896 | Gauntlet | Found a transporter.
 13910 | Gauntlet | Found a transporter.
 13914 | Gauntlet | Found a transporter.
 13922 | Gauntlet | Found a transporter.
 13943 | Gauntlet | Found a transporter.
 13947 | Gauntlet | Found a transporter.
 14087 | Gauntlet | Noticed a catoblepas
 14591 | Gauntlet | Noticed a minotaur
 14602 | Gauntlet | Slain by a minotaur

Illustrated notes

Levels and vault maps discovered:
D:1:      dpeg_arrival_boxorama, layout_basic, chequers_ecumenical_altar_lobes,
          serial_park_tiny_1
D:2:      layout_basic, uniq_natasha, uniq_jessica
D:3:      layout_loops_corners, gup_sewer_entry_spiral, uniq_ijyb
D:4:      layout_basic, fedhas_ov_isle_minmay, kennysheep_little_box,
          minmay_temple_entry_large_hall, chequers_ossuary_entry_cave
D:5:      layout_cave_pods, fiery_altar_vehumet,
          mainiacjoe_overflow_small_starburst, makhleb_heckhound_becter,
          uniq_edmund
D:6:      layout_loops_ring, mainiacjoe_overflow_boulevard, zin_academy,
          serial_shops, nicolae_shop_stone, hellmonk_ghost_happy_afterlife,
          uniq_pikel, uniq_eustachio
D:7:      layout_basic, nicolae_gozag_cash_rules_everything_around_me,
          mainiacjoe_overflow_alcove_2
D:8:      layout_basic, mainiacjoe_overflow_large_starburst, lair_entry_dummy,
          supply_closet_lemuel, minmay_stone_trees_small, uniq_grum
D:9:      layout_roguey, minmay_strange_pillars, minivault_20, uniq_psyche
D:10:     layout_irregular_city, mainiacjoe_overflow_catwalk, orc_david_3,
          ebering_ghost_disaster_area, minmay_three_doors, uniq_fannar
Lair:1:   layout_cave_pods, special_room [special_room_bee],
          cheibrodos_lair_caveside_slide, lemuel_fruit_tree
Lair:2:   gammafunk_indiana_jones, layout_chaotic_city,
          skrybe_swamp_entry_bodies, gauntlet_entry_generic,
          nicolae_quartered_pool_super, beast_lair_carwin_5
Lair:3:   layout_cave_pods, enter_volcano_3
Gauntlet: minmay_gauntlet_mixed_oops_all_seconds
          [minmay_gauntlet_arena_77_broken_ladder,
          gammafunk_gauntlet_arena_hedges, minmay_gauntlet_arena_77_box,
          gammafunk_gauntlet_arena_corners,
          minmay_gauntlet_arena_77_terracotta_army,
          gammafunk_gauntlet_arena_spirals, dreamdust_gauntlet_exit_labyrinth]

Skill      XL: |  1  2  3  4  5  6  7  8  9 10 11 12 |
---------------+-------------------------------------+-----
Dodging        | 2 3 4 5 7 8 |  8.7
Armour         | 3 4 5 6 7 9 10 11 | 11.3
Fighting       | 4 5 6 8 9 11 | 11.6
Maces & Flails | 4 5 6 7 9 10 | 10.7

Action                   |  1- 3 |  4- 6 |  7- 9 | 10-12 || total
-------------------------+-------+-------+-------+-------++-------
Melee: Mace              |    76 |   109 |   175 |       ||   360
       Punch             |     2 |       |     3 |     9 ||    14
       Flail             |       |       |   130 |   524 ||   654
Invok: Berserk           |     1 |     6 |     7 |    17 ||    31
       Trog's Hand       |       |       |     1 |     4 ||     5
  Use: Potion            |       |     3 |       |       ||     3
       Scroll            |       |     1 |     7 |       ||     8
Armor: Ring mail         |    39 |    32 |    87 |       ||   158
       Skin              |       |   143 |       |       ||   143
       Plate armour      |       |       |    27 |   328 ||   355
Dodge: Dodged            |    44 |   114 |   226 |   359 ||   743
       Repelled          |       |       |     2 |     3 ||     5
Block: Other             |       |    34 |    73 |     4 ||   111
       Reflection        |       |       |     5 |       ||     5
